 Dungeon Crawl Stone Soup version 0.17-a0-2014-g32cd421 (webtiles) character file.

79 Ijustatesigmund the Sneak (level 4, -8/28 HPs)
             Began as an Octopode Transmuter on Oct 9, 2015.
             Mangled by an orc
             ... wielding a +0 mace
              (9 damage)
             ... on level 3 of the Dungeon.
             The game lasted 00:06:11 (2176 turns).

Ijustatesigmund the Sneak (Octopode Transmuter)     Turns: 2176, Time: 00:06:11

Health: -8/28      AC:  1    Str:  9      XL:     4   Next: 37%
Magic:  1/7        EV: 12    Int: 16      God:
Gold:   89         SH:  0    Dex: 10 (12) Spells: 3 memorised, 1 level left

rFire  . . .     SeeInvis .       - Unarmed
rCold  . . .     Clarity  .     (no shield)
rNeg   . . .     SustAt   .     (helmet restricted)
rPois  .         Gourm    .     (no amulet)
rElec  .         Spirit   .     (no ring)
rCorr  .         Warding  .     (no ring)
rMut   .         Stasis   .     (no ring)
MR     .....                    (no ring)
Stlth  +++.......               (no ring)
                                (no ring)
                                (no ring)
                                (no ring)

@: appendage, not resistant to hostile enchantments, fairly stealthy
A: almost no armour, amphibious, 8 rings, constrict 8, tentacle spike 3,
camouflage 1, gelatinous body 1
a: End Transformation


You were on level 3 of the Dungeon.
You were not hungry.
One of your tentacles had a temporary spike.
You visited 1 branch of the dungeon, and saw 3 of its levels.

You collected 89 gold pieces.

Inventory:

Hand Weapons
 e - a +0 short sword
Missiles
 a - 5 arrows
 h - 14 arrows of frost
 i - 5 javelins (quivered)
Wands
 d - a wand of slowing (25)
Scrolls
 l - a scroll of remove curse
Potions
 g - a potion of heal wounds
 j - 2 potions of curing
 m - a potion of mutation {unknown}
Books
 b - a book of Changes

   Spells                             Type                      Level
   a - Beastly Appendage              Transmutation                1
   b - Sticks to Snakes               Transmutation                2
   c - Spider Form                    Transmutation/Poison         3
   d - Ice Form                       Ice/Transmutation            4
   e - Blade Hands                    Transmutation                5
Comestibles
 c - a bread ration
 f - 2 meat rations
 k - 2 chunks of flesh


   Skills:
 - Level 1.0 Fighting
 - Level 2.0 Dodging
 + Level 3.6 Stealth
 - Level 3.0 Unarmed Combat
 - Level 2.0 Spellcasting
 + Level 3.5 Transmutations
 + Level 0.2 Poison Magic


You had one spell level left.
You knew the following spells:

 Your Spells              Type           Power        Failure   Level  Hunger
a - Beastly Appendage     Trmt           ##....       6%          1    #......
b - Sticks to Snakes      Trmt           ##........   10%         2    ###....
c - Spider Form           Trmt/Pois      #.........   34%         3    ###....


Dungeon Overview and Level Annotations

Branches:
Dungeon (3/15)

Altars:
Kikubaaqudgha


Innate Abilities, Weirdness & Mutations

You cannot wear most types of armour.
You are amphibious.
You can wear up to eight rings at the same time.
You can use your tentacles to constrict eight enemies at once.
Your skin changes colour to match your surroundings (Stealth).
Your rubbery body absorbs attacks (AC +1).
One of your tentacles bears a large vicious spike.


Message History

You constrict the orc.
You kill the orc!
The orc closely misses you.
You barely miss the orc. You grab the orc. Your squeeze misses the orc.
The orc is moderately wounded.
You constrict the orc. The orc closely misses you.
You tentacle-slap the orc but do no damage.
The orc is heavily wounded.
You constrict the orc, but do no damage.
The orc hits you from afar with a trident.
The orc hits you with a mace. The orc closely misses you.
You tentacle-slap the orc but do no damage.
The orc is heavily wounded.
You constrict the orc, but do no damage.
The orc hits you from afar with a trident!
* * * LOW HITPOINT WARNING * * *
The orc hits you with a hand axe!
* * * LOW HITPOINT WARNING * * *
The orc hits you with a mace!
You die...

.. #.. ... ?.. .# ...#
#.. ..# ..... #.######
....
#....###...#..###...##
#......#........ ...
#ooo###.....# ....
#@..#....###.#..
###......#.....
###.........#
##....#....#.##
#.†..####.....####
.........###..........
.####.##......).....##
###..#..#.#.........#
#.....<...#.).......#


You could see 3 orcs.

Vanquished Creatures
  2 adders (D:2)
  An ooze (D:1)
  2 orcs (D:3)
  3 giant cockroaches
  6 goblins
  6 hobgoblins
  9 kobolds
  A quokka (D:2)
  7 bats
  3 giant geckos
  A giant newt (D:1)
41 creatures vanquished.

Vanquished Creatures (collateral kills)
  Jessica (D:2)
1 creature vanquished.

Grand Total: 42 creatures vanquished

Notes
Turn   | Place    | Note
--------------------------------------------------------------
     0 | D:1      | Ijustatesigmund the Octopode Transmuter began the quest for the Orb.
     0 | D:1      | Reached XP level 1. HP: 13/13 MP: 3/3
    35 | D:1      | Reached skill level 1 in Stealth
    55 | D:1      | Reached XP level 2. HP: 8/18 MP: 5/5
   944 | D:1      | Reached XP level 3. HP: 23/23 MP: 6/6
  1076 | D:1      | Learned a level 2 spell: Sticks to Snakes
  1080 | D:1      | Learned a level 3 spell: Spider Form
  1959 | D:2      | Reached XP level 4. HP: 18/28 MP: 7/7
  1969 | D:2      | Noticed Jessica
  1983 | D:2      | Killed Jessica
  2082 | D:2      | Found an ancient bone altar of Kikubaaqudgha.
  2176 | D:3      | HP: 1/28 [orc/hand axe (7)]
  2176 | D:3      | Mangled by an orc

Vault maps used:
D:1:      tarquinn_simple_flora_water_d, nrook_mini_vaults, kennysheep_boxes
D:2:      lemuel_coloured_pillars_altar, uniq_jessica
D:3:      led_xom_imps, first_bread, nicolae_tso_swordbearing_angel

Action                   |  1- 3 |  4- 6 || total
-------------------------+-------+-------++-------
Melee: Unarmed           |    75 |    23 ||    98
 Cast: Sticks to Snakes  |     2 |     5 ||     7
       Beastly Appendage |       |     1 ||     1
  Use: Scroll            |     5 |     1 ||     6
       Potion            |     2 |       ||     2
 Stab: Sleeping          |     8 |     3 ||    11
       Distracted        |     2 |       ||     2
  Eat: Chunk             |     3 |     1 ||     4
       Beef jerky        |       |     1 ||     1
